 Dungeon Crawl Stone Soup version 0.22-a0-284-g99d1f74 (webtiles) character file.

182 Kairos the Cudgeler (level 5, 0/39 HPs)
             Began as a Human Skald on Mar 22, 2018.
             Slain by a worker ant (7 damage)
             ... on level 4 of the Dungeon.
             The game lasted 00:07:48 (3544 turns).

Kairos the Cudgeler (Human Skald)                   Turns: 3544, Time: 00:07:48

Health: 0/39       AC:  4    Str: 12    XL:     5   Next: 93%
Magic:  0/8        EV: 12    Int: 14    God:
Gold:   120        SH:  0    Dex: 12    Spells: 5/8 levels left

rFire    . . .     SeeInvis .   r - +0 morningstar
rCold    . . .     Gourm    .   (no shield)
rNeg     + . .     Faith    .   b - +0 leather armour
rPois    +         Spirit   +   (no helmet)
rElec    .         Reflect  .   u - +0 cloak
rCorr    .         Harm     .   (no gloves)
MR       .....                  (no boots)
Stlth    +.........             e - amulet of guardian spirit
HPRegen  0.13/turn              k - ring of poison resistance
MPRegen  0.11/turn              h - ring of positive energy

@: infused (expiring), singing
A: no striking features
a: no special abilities


You were on level 4 of the Dungeon.
You were very hungry.

You visited 1 branch of the dungeon, and saw 5 of its levels.

You collected 120 gold pieces.

Inventory:

Hand Weapons
 a - a +0 mace
 p - a +0 war axe
 r - a +0 morningstar (weapon)
Armour
 b - a +0 leather armour (worn)
 u - a +0 cloak (worn)
Jewellery
 e - an amulet of guardian spirit (around neck)
 g - an uncursed ring of fire
 h - a ring of positive energy (right hand)
 k - a ring of poison resistance (left hand)
Wands
 n - a wand of acid (9)
Scrolls
 c - 2 scrolls of amnesia
 f - 2 scrolls of remove curse {unknown}
 i - 2 scrolls of magic mapping {unknown}
 j - a scroll of fog {unknown}
 l - 2 scrolls of teleportation {unknown}
 m - 5 scrolls of identify {unknown}
 o - a scroll of fear {unknown}
Potions
 q - a potion of haste {unknown}
 s - a potion of agility {unknown}
 t - a potion of heal wounds {unknown}
Comestibles
 d - 4 rations


   Skills:
 + Level 2.4 Fighting
 + Level 4.1 Maces & Flails
 + Level 2.0 Armour
 + Level 2.5 Dodging
 + Level 0.2 Stealth
 + Level 2.3 Spellcasting
 + Level 3.5 Charms


You had 5 spell levels left.
You knew the following spells:

 Your Spells              Type           Power        Failure   Level  Hunger
a - Infusion              Chrm           ##..         7%          1    #......
b - Song of Slaying       Chrm           ##......     10%         2    ###....


Dungeon Overview and Level Annotations

Branches:
Dungeon (5/15)
 Temple: D:4-7

Altars:
Cheibriados
Makhleb
Trog
Uskayaw
The Shining One

Annotations:
D:4 Soeti's ghost, amateur OpAs


Message History

You hit the worker ant.
The worker ant is moderately wounded.
The worker ant barely misses you.
You closely miss the worker ant.
The worker ant is moderately wounded.
The worker ant bites you!
* * * LOW HITPOINT WARNING * * *
The worker ant barely misses you.
Casting: Infusion (safe; 7% risk of failure)
Confirm with . or Enter, or press ? or * to list all spells.
You start singing a song of slaying.
Your magical infusion is running out.
The worker ant barely misses you.
You closely miss the worker ant.
The worker ant is moderately wounded.
The worker ant barely misses you.
You barely miss the worker ant.
The worker ant is moderately wounded.
The worker ant closely misses you. The worker ant bites you!
You die...

#...................
##.......$..........
#.................#
##..............#
##............## ###
#...........### ##.#
#.#.......(.## ###..#
#.###....###.a###...##
... #.#### ###@.....#
.. ### ##....##
#....### ##..
###....######.....
#.....##....#
#......<.####
#......### #......#
#.....##


You could see a worker ant.

Vanquished Creatures
  A howler monkey (D:4)
  A worker ant (D:3)
  2 adders
  An ooze (D:3)
  A worm (D:3)
  5 dart slugs
  A leopard gecko (D:1)
  2 orcs
  A ball python (D:2)
  4 giant cockroaches
  5 goblins
  10 hobgoblins
  10 jackals
  10 kobolds
  3 quokkas
  A ball python skeleton (D:3)
  5 bats
  5 frilled lizards
  A quokka skeleton (D:4)
  8 rats
77 creatures vanquished.

Notes
Turn   | Place    | Note
-------+----------+-------------------------------------------
     0 | D:1      | Kairos the Human Skald began the quest for the Orb.
     0 | D:1      | Reached XP level 1. HP: 16/16 MP: 3/3
   192 | D:1      | Reached XP level 2. HP: 22/22 MP: 5/5
   473 | D:1      | Reached XP level 3. HP: 24/27 MP: 6/6
  1041 | D:2      | Found a burning altar of Makhleb.
  1159 | D:2      | Found a bloodstained altar of Trog.
  1213 | D:2      | Reached skill level 3 in Maces & Flails
  1236 | D:2      | Reached XP level 4. HP: 25/33 MP: 3/7
  1439 | D:2      | Found a hide-covered altar of Uskayaw.
  1920 | D:3      | Learned a level 2 spell: Song of Slaying
  2173 | D:3      | You fall through a shaft for 2 floors!
  2173 | D:5      | Entered Level 5 of the Dungeon
  2270 | D:4      | Noticed Soeti's ghost (amateur OpAs)
  2323 | D:2      | Reached XP level 5. HP: 4/38 MP: 2/8
  3174 | D:3      | Found a snail-covered altar of Cheibriados.
  3237 | D:3      | Found a glowing golden altar of the Shining One.
  3524 | D:4      | Reached skill level 4 in Maces & Flails
  3544 | D:4      | Slain by a worker ant

Vault maps used:
D:1:      minmay_arrival_widening_spiral_narrow
D:2:      lemuel_coloured_pillars_altar, lemuel_crystal_altar,
          old_standard_altar
D:3:      lemuel_doored_altar, cheibriados_altar_1, serial_park_tiny_1
D:5:      cheibrodos_helix_gallery, grunt_dithmenos_shadows, lemuel_round_altar,
          first_ration

Skill      XL: |  1  2  3  4  5 |
---------------+----------------+-----
Maces & Flails | 3 4 |  4.1
Armour         | 2 |  2.0
Fighting       | |  2.4
Dodging        | |  2.5
Stealth        | |  0.2
Spellcasting   | |  2.3
Charms         | |  3.5

Action                   |  1- 3 |  4- 6 || total
-------------------------+-------+-------++-------
Melee: Mace              |   105 |    43 ||   148
       Morningstar       |       |   112 ||   112
 Cast: Infusion          |     2 |     6 ||     8
       Song of Slaying   |       |     4 ||     4
  Use: Scroll            |       |     1 ||     1
 Stab: Sleeping          |     1 |       ||     1
  Eat: Chunk             |     1 |     7 ||     8
Armor: Leather armour    |    36 |    61 ||    97
Dodge: Dodged            |    73 |   147 ||   220

Table legend:
 A = Spawn XP
 B = Non-spawn XP
 C = Spawn XP percentage of total XP
 D = Spawn monster count
 E = Non-spawn monster count
 F = Spawn count percentage of total count
 G = Total turns spent on level
                    A         B        C        D         E        F      G
               +---------+---------+-------+---------+---------+-------+---------
         Total |       0 |     261 |   0.0 |       0 |      77 |   0.0 |  3544
               +---------+---------+-------+---------+---------+-------+---------
           D:1 |       0 |      39 |   0.0 |       0 |      22 |   0.0 |   983
           D:2 |       0 |      48 |   0.0 |       0 |      21 |   0.0 |  1168
           D:3 |       0 |     112 |   0.0 |       0 |      30 |   0.0 |  1222
           D:4 |       0 |      59 |   0.0 |       0 |       3 |   0.0 |    74
           D:5 |       0 |       3 |   0.0 |       0 |       1 |   0.0 |    97
               +---------+---------+-------+---------+---------+-------+---------
